 Dungeon Crawl Stone Soup version 0.31-a0-960-g0fca184906 (webtiles) character file.

Game seed: 7903142838393493644

1651 Xavori the Trooper (level 9, -2/65 HPs)
             Began as a Djinni Chaos Knight on Oct 24, 2023.
             Was a Plaything of Xom.
             Killed by divine providence
             ... invoked by an orc priest
              (12 damage)
             ... on level 5 of the Dungeon.
             The game lasted 00:08:33 (9104 turns).

Xavori the Trooper (Djinni Chaos Knight)            Turns: 9104, Time: 00:08:33

Health: -2/65      AC: 17    Str: 12 (14) XL:     9   Next: 19%
Gold:   1478       EV: 11    Int: 22 (23) God:    Xom [..*...] SH: 14 Dex: 14

rFire   + + .        a - +0 falchion (chaos)
rCold   . . .        j - +3 kite shield of the Slug {Slay+2}
rNeg    . . .        q - +3 ring mail {rC+}
rPois   ∞            b - +1 helmet {Int+3}
rElec   .            i - +3 cloak "Ycaut" {Rampage *Corrode Int+7 Dex-3}
rCorr   .            r - +1 pair of gloves of the Pink Corner {rPois Will+++ Regen+ Int-4}
SInv    .            (boots unavailable)
Will    ++++.        (no amulet)
Stlth   ++           e - ring of willpower
HPRegen 1.90/turn    (no ring)
MPRegen 0.00/turn

%: corrode self (3%), rampage, infuse magic (-3 HP)
@: flying
A: sickness immunity, fire resistance 2, cold vulnerability 1, float, innate
caster, HP casting, extra vitality 1, large bone plates 1, thin skeletal
structure 1, clever 1, deterioration 1, regeneration 1, strong 1, inability to
drink after injury 1, MP-powered wands, sturdy frame 1
a: Renounce Religion


You were on level 5 of the Dungeon.
You worshipped Xom.
You were a toy of Xom.
You visited 1 branch of the dungeon, and saw 5 of its levels.

You collected 2638 gold pieces.
You spent 1160 gold pieces at shops.

Inventory:

Hand Weapons
 a - a +0 falchion of chaos (weapon)
Armour
 b - a +1 helmet of intelligence (worn)
 i - the +3 cloak "Ycaut" (worn) {Rampage *Corrode Int+7 Dex-3}
   (Xom gifted it to you on level 2 of the Dungeon)

   Int+7:     It affects your intelligence (+7).
   Dex-3:     It affects your dexterity (-3).
   *Corrode:  It may corrode you when you take damage.
   Rampage:   It bestows one free step when moving towards enemies.
 j - the +3 kite shield of the Slug (worn) {Slay+2}
   (Xom gifted it to you on level 4 of the Dungeon)

   Slay+2:    It affects your accuracy & damage with ranged weapons and melee
   (+2).
 q - a +3 ring mail of cold resistance (worn)
 r - the +1 pair of gloves of the Pink Corner (worn) {rPois Will+++ Regen+ Int-4}
   (You bought it in a shop on level 3 of the Dungeon)

   Int-4:     It affects your intelligence (-4).
   rPois:     It protects you from poison Will+++: It greatly increases your
   willpower.
   Regen+:    It increases your rate of health regeneration.
Jewellery
 e - a ring of willpower (left hand)
Wands
 d - a wand of charming (11)
Scrolls
 c - 2 scrolls of butterflies
 f - a scroll of vulnerability
 g - a scroll of enchant armour
 k - a scroll of fog
 m - 2 scrolls of teleportation
 n - a scroll of revelation
Potions
 h - 3 potions of curing
 l - 4 potions of enlightenment
 o - a potion of resistance {unknown}


   Skills:
 + Level 5.5 Fighting
 + Level 5.0 Long Blades
 + Level 4.6 Armour
 + Level 5.5 Dodging
 * Level 4.0 Spellcasting
 * Level 4.0 Conjurations
 * Level 4.0 Hexes
   Level 0.0 Charms
 * Level 4.0 Summonings
 * Level 4.0 Necromancy
 * Level 4.0 Translocations
 * Level 4.0 Transmutations
 * Level 4.0 Fire Magic
 * Level 4.0 Ice Magic
 * Level 4.0 Air Magic
 * Level 4.0 Earth Magic
 * Level 4.0 Poison Magic


You knew the following spells:

 Your Spells              Type           Power      Damage    Failure   Level
a - Kiss of Death         Conj/Necr      88%        2d12      14%         1
b - Wereblood             Tmut           22%        N/A       21%         2
c - Call Imp              Summ           44%        N/A       21%         2
d - Summon Ice Beast      Ice/Summ       22%        N/A       80%         4
Your spell library was empty.

Dungeon Overview and Level Annotations

Branches:
Dungeon (5/15)
 Temple: D:4-7

Altars:
Cheibriados
Fedhas
Okawaru
Xom

Shops:
D:3 [:[   D:4 [


Innate Abilities, Weirdness & Mutations

You are immune to sickness and miasma.
You are immune to poison.
Your flesh is very heat resistant. (rF++)
You are vulnerable to cold. (rC-)
You float through the air rather than walking.
You learn spells naturally, not from books.
Your magical power is your life essence.
You have superior vitality. (+4 MHP)
You are partially covered in large bone plates. (SH +4)
You have a somewhat thin skeletal structure. (Dex +2, Stealth+)
Your mind is acute. (Int +4, Str/Dex -1)
Your body sometimes deteriorates upon taking damage.
Your natural rate of healing is unusually fast.
Your muscles are strong. (Str +4, Int/Dex -1)
You occasionally lose the ability to drink potions when taking damage.
You expend health (3 HP) to strengthen your wands.
Your movements are slightly less encumbered by armour. (ER -2)


Message History

You closely miss the orc priest.
The orc priest is severely wounded.
You block the orc's attack.
The orc priest calls down the wrath of Beogh upon you.
Beogh smites you!
Your body deteriorates!
You feel weakened. The orc closely misses you.
You closely miss the orc priest.
The orc priest is severely wounded.
Your large abomination disappears in a puff of smoke!
You block the orc's attack.
The orc priest calls down the wrath of Beogh upon you.
Beogh smites you!
The orc priest hits you but does no damage.
The orc closely misses you.
You are too injured to fight recklessly!
Unknown command.
You closely miss the orc priest.
The orc priest is severely wounded.
The orc priest hits you but does no damage.
You block the orc's attack. x2
Unknown command.
You swap places.
The orc misses your large abomination.
The orc hits your large abomination but does no damage.
Your large abomination closely misses the orc.
The orc barely misses your large abomination.
Something barely misses your large abomination.
The orc closely misses your large abomination.
Your large abomination hits the orc!!
The orc dies!
Your large abomination disappears in a puff of smoke!
The orc priest mumbles some strange prayers to Beogh against you.
Beogh smites you!
Your body deteriorates!
You feel weakened.
The orc priest invokes the aid of Beogh against you.
Beogh smites you!
* * * LOW HITPOINT WARNING * * *
The orc priest calls down the wrath of Beogh upon you.
Beogh smites you!
You die...

#. .# #####.#####
#.##### ........<.#
...^...
..........##.......
.........[.........
........).#........ ♣
#######.........##
#.##.......#..<#...?.
#.?.....@..##....#.##
###......[.....>#
#.............#
#..........##.#
#....[........#
#.XX...######.#
##o##...... ..
♣o.##.#### ...# .#


You could see 2 orc priests and 2 friendly large abominations.

Vanquished Creatures
  Edmund (D:4)
  A water moccasin (D:4)
  An ice beast (D:4)
  A black bear (D:5)
  An ogre (D:4)
  A scorpion (D:4)
  An orc priest (D:5)
  Ijyb (D:4)
  3 iguanas
  3 orc wizards
  4 gnolls (D:3)
  9 adders
  A worm (D:2)
  3 dart slugs
  17 orcs
  7 endoplasms
  2 giant cockroaches
  16 goblins
  6 hobgoblins
  10 kobolds
  4 quokkas
  5 ball pythons
  3 bats
  4 frilled lizards
  11 rats
116 creatures vanquished.

Vanquished Creatures (collateral kills)
  Pikel (D:4)
  2 quasits (D:5)
  2 orc priests (D:4)
  2 orc wizards
  A shadow imp (D:5)
  2 orcs
  A quokka (D:4)
11 creatures vanquished.

Vanquished Creatures (others)
  A yak (D:4)
  An adder (D:4)
  A white imp (D:5)
  An endoplasm (D:4)
  A giant cockroach (D:4)
5 creatures vanquished.

Grand Total: 132 creatures vanquished

Notes
Turn   | Place    | Note
-------+----------+-------------------------------------------
     0 | D:1      | Xavori the Djinni Chaos Knight began the quest for the Orb.
     0 | D:1      | Reached XP level 1. HP: 20/20 MP: 0/0
    66 | D:1      | Reached XP level 2. HP: 5/25 MP: 0/0
   365 | D:1      | You are sucked into a shaft and drop 1 floor!
   365 | D:2      | XOM: stealth player
   489 | D:2      | Reached XP level 3. HP: 30/30 MP: 0/0
   489 | D:2      | Learned a level 1 spell: Kiss of Death
   584 | D:2      | XOM: divination: detect items
   675 | D:2      | XOM: divination: magic mapping
   923 | D:1      | Found a faded altar of an unknown god.
   931 | D:1      | Reached skill level 1 in Spellcasting
   931 | D:1      | Reached skill level 1 in Conjurations
   931 | D:1      | Reached skill level 1 in Hexes
   931 | D:1      | Reached skill level 1 in Summonings
   931 | D:1      | Reached skill level 1 in Necromancy
   931 | D:1      | Reached skill level 1 in Translocations
   931 | D:1      | Reached skill level 1 in Transmutations
   931 | D:1      | Reached skill level 1 in Fire Magic
   931 | D:1      | Reached skill level 1 in Ice Magic
   931 | D:1      | Reached skill level 1 in Air Magic
   931 | D:1      | Reached skill level 1 in Earth Magic
   931 | D:1      | Reached skill level 1 in Poison Magic
  1005 | D:1      | XOM: silly message
  1047 | D:1      | XOM: silly message
  1051 | D:1      | XOM: silly message
  1090 | D:1      | Reached XP level 4. HP: 35/35 MP: 0/0
  1437 | D:1      | XOM: silly message
  1555 | D:1      | XOM: noise
  1984 | D:1      | XOM: god gift: inky potion {god gift}
  2338 | D:1      | XOM: cloud trail
  2393 | D:1      | XOM: silly message
  2767 | D:1      | XOM: summons 2 hostile demons
  3032 | D:2      | XOM: summons 3 hostile demons
  3122 | D:1      | XOM: give mutation
  3122 | D:1      | Gained mutation: You are clumsy. (Dex -2) [Xom's mischief]
  3291 | D:1      | XOM: noise
  3589 | D:1      | XOM: silly message
  5196 | D:1      | XOM: summons 3 hostile demons
  5197 | D:1      | Noticed a ynoxinul
  5395 | D:2      | XOM: give mutations
  5395 | D:2      | Gained mutation: Your mind is acute. (Int +4, Str/Dex -1)
                  | [Xom's mischief]
  5395 | D:2      | Gained mutation: You occasionally lose the ability to drink
                  | potions when taking damage. [Xom's mischief]
  5395 | D:2      | Lost mutation: You are clumsy. (Dex -2) [Xom's mischief]
  5395 | D:2      | Gained mutation: Your body sometimes deteriorates upon
                  | taking damage. [Xom's mischief]
  5439 | D:2      | XOM: divination: detect items
  5477 | D:2      | Identified the +3 cloak "Ycaut" {Rampage *Corrode Int+7
                  | Dex-3} (Xom gifted it to you on level 2 of the Dungeon)
  5477 | D:2      | XOM: god gift: +3 cloak "Ycaut" {Rampage *Corrode Int+7
                  | Dex-3}
  5883 | D:1      | XOM: give mutations
  5883 | D:1      | Gained mutation: You are partially covered in large bone
                  | plates. (SH +4) [Xom's grace]
  5883 | D:1      | Gained mutation: Your muscles are strong. (Str +4, Int/Dex
                  | -1) [Xom's grace]
  6013 | D:1      | XOM: scenery: summon butterflies
  6366 | D:3      | Found Qytsuxig's Antique Armour Emporium.
  6479 | D:3      | Found a snail-covered altar of Cheibriados.
  6645 | D:3      | Found Weathriq's Book Shoppe.
  6650 | D:3      | Reached XP level 5. HP: 40/40 MP: 0/0
  6650 | D:3      | Learned a level 2 spell: Wereblood
  6670 | D:3      | Found Wurah's Armour Shop.
  6713 | D:3      | Found an iron altar of Okawaru.
  6905 | D:3      | Found a blossoming altar of Fedhas.
  6965 | D:4      | Reached XP level 6. HP: 22/47 MP: 0/0
  7378 | D:4      | Noticed a yak
  7385 | D:4      | XOM: fog
  7390 | D:4      | Killed a yak
  7390 | D:4      | XOM: divine lightning
  7598 | D:4      | Found Nousmoso's Armour Shop.
  7733 | D:4      | Noticed Ijyb
  7752 | D:4      | XOM: scenery: create altars
  7764 | D:4      | Killed Ijyb
  7960 | D:4      | XOM: summons friendly ufetubus
  7961 | D:4      | XOM: fake destruction
  7965 | D:4      | Reached XP level 7. HP: 43/52 MP: 0/0
  7965 | D:4      | Learned a level 2 spell: Call Imp
  8023 | D:4      | Identified the +3 kite shield of the Slug {Slay+2} (Xom
                  | gifted it to you on level 4 of the Dungeon)
  8023 | D:4      | XOM: god gift: +3 kite shield of the Slug {Slay+2}
  8235 | D:4      | XOM: give mutations
  8235 | D:4      | Gained mutation: Your natural rate of healing is unusually
                  | fast. [Xom's grace]
  8235 | D:4      | Gained mutation: You expend health (3 HP) to strengthen
                  | your wands. [Xom's grace]
  8235 | D:4      | Gained mutation: Your movements are slightly less
                  | encumbered by armour. (ER -2) [Xom's grace]
  8235 | D:4      | Gained mutation: You have a somewhat thin skeletal
                  | structure. (Dex +2, Stealth+) [Xom's grace]
  8324 | D:5      | Entered Level 5 of the Dungeon
  8324 | D:5      | Noticed Edmund
  8356 | D:4      | Killed Edmund
  8357 | D:4      | Reached XP level 8. HP: 42/55 MP: 0/0
  8407 | D:5      | XOM: summons friendly chaos spawn
  8629 | D:5      | Identified 3 scrolls of acquirement
  8629 | D:5      | Identified the "Xuchafes" (You acquired it on level 5 of
                  | the Dungeon)
  8629 | D:5      | Acquired 584 gold pieces
  8631 | D:5      | Acquired 1233 gold pieces
  8725 | D:3      | Bought a +3 ring mail of cold resistance for 364 gold
                  | pieces
  8725 | D:3      | Bought the +1 pair of gloves of the Pink Corner {rPois
                  | Will+++ Regen+ Int-4} for 564 gold pieces
  8741 | D:3      | Identified the "Hinguom" (You acquired it on level 3 of
                  | the Dungeon)
  8741 | D:3      | Acquired 526 gold pieces
  8782 | D:3      | XOM: scenery: create altars
  8978 | D:3      | Bought a shiny helmet for 232 gold pieces
  9020 | D:5      | Noticed Pikel
  9026 | D:4      | XOM: enchant monster (good)
  9044 | D:4      | Reached skill level 5 in Fighting
  9044 | D:4      | XOM: scenery: create altars
  9053 | D:4      | XOM: scenery: create altars
  9057 | D:4      | XOM: enchant monster (good)
  9060 | D:4      | Killed Pikel
  9061 | D:4      | Reached skill level 5 in Long Blades
  9061 | D:4      | Reached skill level 5 in Dodging
  9061 | D:4      | Reached XP level 9. HP: 65/65 MP: 0/0
  9061 | D:4      | Learned a level 4 spell: Summon Ice Beast
  9083 | D:5      | XOM: cast spell 'Summon Horrible Things'
  9104 | D:5      | Killed from afar by an orc priest

Illustrated notes

Levels and vault maps discovered:
D:1:      minmay_arrival_cross, layout_rooms, chequers_ecumenical_altar_island,
          serial_bayou_lagoon_b
D:2:      layout_basic, minmay_misc_feat_nine_boxes
D:3:      layout_basic, okawaru_altar_gauntlet_db, cheibriados_altar_1,
          amethyst_overflow_temple_binary, serial_shops, shop,
          nicolae_shop_trees, shop, minmay_quantized
D:4:      kennysheep_the_goblin_king, layout_cave_pods, serial_shops,
          nicolae_shop_temple_entry_statues_fountains, nzn_random_ring
D:5:      layout_basic, serial_demonic, serial_demonic_g, serial_demonic_a,
          serial_demonic_c, serial_demonic_b, uniq_edmund, uniq_pikel,
          uniq_prince_ribbit1

Skill      XL: |  1  2  3  4  5  6  7  8 |
---------------+-------------------------+-----
Long Blades    | 3 4 5 |  5.0
Spellcasting   | 1 2 4 |  4.0
Conjurations   | 1 2 4 |  4.0
Hexes          | 1 2 4 |  4.0
Summonings     | 1 2 4 |  4.0
Necromancy     | 1 2 4 |  4.0
Translocations | 1 2 4 |  4.0
Transmutations | 1 2 4 |  4.0
Fire Magic     | 1 2 4 |  4.0
Ice Magic      | 1 2 4 |  4.0
Air Magic      | 1 2 4 |  4.0
Earth Magic    | 1 2 4 |  4.0
Poison Magic   | 1 2 4 |  4.0
Armour         | 2 3 4 |  4.6
Dodging        | 3 4 5 |  5.5
Fighting       | 4 5 |  5.5

Action                     |  1- 3 |  4- 6 |  7- 9 || total
---------------------------+-------+-------+-------++-------
  Melee: Falchion          |    79 |   245 |   145 ||   469
         Punch             |     1 |     3 |       ||     4
   Cast: Wereblood         |       |     5 |     2 ||     7
         Kiss of Death     |       |       |     2 ||     2
  Evoke: Wand              |       |       |     1 ||     1
    Use: Scroll            |       |     9 |     4 ||    13
         Potion            |       |     1 |     1 ||     2
   Stab: Sleeping          |     1 |     1 |       ||     2
         Confused          |       |     1 |     1 ||     2
 Armour: Leather armour    |    33 |   200 |   138 ||   371
         Ring mail         |       |       |    37 ||    37
  Dodge: Dodged            |    40 |   152 |   143 ||   335
  Block: Other             |       |    55 |     3 ||    58
         Kite shield       |       |       |   202 ||   202

Table legend: (Time is in decaauts)
 A = Elapsed time spent in this place.
 B = Non-inter-level travel time spent in this place.
 C = Inter-level travel time spent in this place.
 D = Time resting spent in this place.
 E = Time spent auto-exploring this place.
 F = Levels seen in this place.
 G = Mean time per level.
                   A        B        C        D        E       F      G
               +--------+--------+--------+--------+--------+-----+--------+
         Total |   9200 |   8723 |    477 |   5521 |   2198 |   5 | 1840.0 |
       Dungeon |   9200 |   8723 |    477 |   5521 |   2198 |   5 | 1840.0 |
               +--------+--------+--------+--------+--------+-----+--------+

Top non-repeatable levels by time:
     D:1: 5015 daAuts
     D:4: 1472 daAuts
     D:2: 1366 daAuts
     D:3: 982 daAuts
     D:5: 362 daAuts
